TOP OF THE 1ST |
Oakland Oaks batting - Pitching for Amarillo ThunderHeads : LHP Zach Harris
|
Pitching: LHP Zach Harris
|
|
Batting: RHB Nathaniel Adderley
|
0-0: Foul Ball, location: 2F 0-1: Foul Ball, location: 2F 0-2: Hit by Pitch
|
Batting: RHB Rafael Alarcon
|
0-0: Ball 1-0: Called Strike 1-1: Hit by Pitch Nathaniel Adderley to second
|
Batting: RHB Gabe Secundino
|
0-0: Ball 1-0: Ball Nathaniel Adderley steals 3rd base 2-0: Called Strike 2-1: Ball 3-1: Base on Balls Rafael Alarcon to second
|
Batting: RHB Ryan Jennings
|
0-0: Foul Ball, location: 2F 0-1: Foul Ball, location: 2F 0-2: Ball 1-2: Strikes out swinging
|
Batting: RHB Chris Prinzing
|
0-0: Ball 1-0: Foul Ball, location: 2F 1-1: Foul Ball, location: 2F 1-2: Strikes out swinging
|
Batting: LHB Bill Helmer
|
0-0: Swinging Strike 0-1: Ball 1-1: Ball 2-1: Ball 3-1: Ground out U3 (Groundball, 3, EV 78.1 MPH)
|
Top of the 1st over - 0 runs, 0 hits, 0 errors, 3 left on base; Oakland 0 - Amarillo 0 |
BOTTOM OF THE 1ST |
Amarillo ThunderHeads batting - Pitching for Oakland Oaks : LHP Vincent Whittick
|
Pitching: LHP Vincent Whittick
|
|
Batting: RHB Sam Voss
|
0-0: Foul Ball, location: 2F 0-1: Ball 1-1: Called Strike 1-2: Foul Ball, location: 2F 1-2: Foul Ball, location: 2F 1-2: SINGLE (Line Drive, 5D, EV 98.8 MPH)
|
Batting: SHB Tyler Romo
|
0-0: Called Strike 0-1: Ball Sam Voss steals 2nd base 1-1: Called Strike 1-2: Ball 2-2: Foul Ball, location: 2F 2-2: Ball 3-2: Strikes out swinging
|
Batting: RHB Eric Juarez
|
0-0: Ball 1-0: DOUBLE (Line Drive, 5D, EV 111.9 MPH) Sam Voss scores
|
Batting: RHB Eric Camillo
|
0-0: SINGLE (Line Drive, 8LS, EV 95.0 MPH) Eric Juarez to third Runner from 3rd tries for Home, SAFE, throw by CF to home
|
Batting: RHB Josh Shoemaker
|
0-0: Called Strike 0-1: Called Strike 0-2: Foul Ball, location: 2F 0-2: Foul Ball, location: 2F 0-2: Ball 1-2: Ball 2-2: Strikes out swinging
|
Batting: RHB Shi-fu Cuan
|
0-0: Foul Ball, location: 2F 0-1: Ball 1-1: Swinging Strike 1-2: Ball 2-2: Ball 3-2: Strikes out swinging
|
Bottom of the 1st over - 2 runs, 3 hits, 0 errors, 1 left on base; Oakland 0 - Amarillo 2 |
TOP OF THE 2ND |
Oakland Oaks batting - Pitching for Amarillo ThunderHeads : LHP Zach Harris
|
Batting: RHB Edwin Nunez
|
0-0: Fly out, F9 (Line Drive, 89S, EV 93.1 MPH)
|
Batting: RHB Dave Villarreal
|
0-0: Swinging Strike 0-1: Called Strike 0-2: Strikes out swinging
|
Batting: LHB Justin Conley
|
0-0: Foul Ball, location: 2F 0-1: Fly out, F3 (Popup, 3S, EV 79.4 MPH)
|
Top of the 2nd over - 0 runs, 0 hits, 0 errors, 0 left on base; Oakland 0 - Amarillo 2 |
BOTTOM OF THE 2ND |
Amarillo ThunderHeads batting - Pitching for Oakland Oaks : LHP Vincent Whittick
|
Batting: RHB Bill Flannery
|
0-0: Foul Ball, location: 2F 0-1: Fly out, F9 (Flyball, 89M, EV 78.8 MPH)
|
Batting: RHB Adrian Quilantan
|
0-0: Ball 1-0: Foul Ball, location: 2F 1-1: Called Strike 1-2: Strikes out swinging
|
Batting: RHB Zhong See-to
|
0-0: Foul Ball, location: 2F 0-1: Swinging Strike 0-2: Ball 1-2: Strikes out swinging
|
Bottom of the 2nd over - 0 runs, 0 hits, 0 errors, 0 left on base; Oakland 0 - Amarillo 2 |
TOP OF THE 3RD |
Oakland Oaks batting - Pitching for Amarillo ThunderHeads : LHP Zach Harris
|
Batting: RHB Nathaniel Adderley
|
0-0: Swinging Strike 0-1: Swinging Strike 0-2: Ball 1-2: Foul Ball, location: 2F 1-2: Ball 2-2: Fly out, F7 (Flyball, 7LD, EV 102.5 MPH)
|
Batting: RHB Rafael Alarcon
|
0-0: Called Strike 0-1: Ball 1-1: Called Strike 1-2: Ball 2-2: Ball 3-2: Strikes out swinging
|
Batting: RHB Gabe Secundino
|
0-0: Called Strike 0-1: Called Strike 0-2: Ball 1-2: Foul Ball, location: 2F 1-2: Fly out, F8 (Flyball, 8RD, EV 94.4 MPH)
|
Top of the 3rd over - 0 runs, 0 hits, 0 errors, 0 left on base; Oakland 0 - Amarillo 2 |
BOTTOM OF THE 3RD |
Amarillo ThunderHeads batting - Pitching for Oakland Oaks : LHP Vincent Whittick
|
Batting: RHB Sam Voss
|
0-0: Called Strike 0-1: Ground out 6-3 (Groundball, 6M, EV 92.5 MPH)
|
Batting: SHB Tyler Romo
|
0-0: Ball 1-0: Swinging Strike 1-1: Ball 2-1: SINGLE (Line Drive, 78S, EV 114.4 MPH)
|
Batting: RHB Eric Juarez
|
0-0: Ball 1-0: Called Strike Tyler Romo is caught stealing 2nd base 2-4 1-1: Foul Ball, location: 2F 1-2: Ball 2-2: Foul Ball, location: 2F 2-2: Ground out 4-3 (Groundball, 4, EV 79.4 MPH)
|
Bottom of the 3rd over - 0 runs, 1 hit, 0 errors, 0 left on base; Oakland 0 - Amarillo 2 |
TOP OF THE 4TH |
Oakland Oaks batting - Pitching for Amarillo ThunderHeads : LHP Zach Harris
|
Batting: RHB Ryan Jennings
|
0-0: Ball 1-0: SINGLE (Flyball, 9LS, EV 93.8 MPH)
|
Batting: RHB Chris Prinzing
|
0-0: Called Strike 0-1: Ball 1-1: Foul Ball, location: 2F 1-2: Strikes out looking
|
Batting: LHB Bill Helmer
|
0-0: Called Strike 0-1: Ball 1-1: Called Strike 1-2: Reached on error, E6 (Groundball, 6, EV 86.2 MPH) Ryan Jennings to second
|
Batting: RHB Edwin Nunez
|
0-0: Grounds into double play, 4-6-3 (Groundball, 4, EV 103.1 MPH)
|
Top of the 4th over - 0 runs, 1 hit, 1 error, 1 left on base; Oakland 0 - Amarillo 2 |
BOTTOM OF THE 4TH |
Amarillo ThunderHeads batting - Pitching for Oakland Oaks : LHP Vincent Whittick
|
Batting: RHB Eric Camillo
|
0-0: Swinging Strike 0-1: Ball 1-1: Reached on error, E6 (Groundball, 6, EV 78.8 MPH)
|
Batting: RHB Josh Shoemaker
|
0-0: Ball 1-0: Foul Ball, location: 2F 1-1: Ball 2-1: Ball 3-1: Base on Balls
|
Batting: RHB Shi-fu Cuan
|
0-0: Ball 1-0: Ball 2-0: Ball 3-0: Base on Balls Eric Camillo to third Josh Shoemaker to second
|
Batting: RHB Bill Flannery
|
0-0: Ball 1-0: Ball 2-0: DOUBLE (Flyball, 89D, EV 93.8 MPH) Eric Camillo scores Josh Shoemaker scores Shi-fu Cuan to third Runner from 3rd tries for Home, SAFE, no throw by CF
|
Batting: RHB Adrian Quilantan
|
0-0: Foul Ball, location: 2F 0-1: Fly out, F8 (Line Drive, 8RD, EV 90.6 MPH) Runner from 2nd tags up, SAFE at 3rd with throw by CF
|
Batting: RHB Zhong See-to
|
0-0: Ball 1-0: DOUBLE (Line Drive, 78D, EV 110.6 MPH) Bill Flannery scores
|
Batting: RHB Sam Voss
|
0-0: Called Strike 0-1: Called Strike 0-2: Ball 1-2: Foul Ball, location: 2F 1-2: Ball 2-2: Ball 3-2: SINGLE (Line Drive, 3D, EV 94.4 MPH) Zhong See-to to third
|
Batting: SHB Tyler Romo
|
0-0: Called Strike Sam Voss steals 2nd base (no throw) 0-1: Swinging Strike 0-2: Ball 1-2: Ball 2-2: Strikes out looking
|
Batting: RHB Eric Juarez
|
0-0: Ball 1-0: Swinging Strike 1-1: Ball 2-1: Ground out 4-3 (Groundball, 34, EV 84.4 MPH)
|
Bottom of the 4th over - 4 runs, 3 hits, 1 error, 2 left on base; Oakland 0 - Amarillo 6 |
TOP OF THE 5TH |
Oakland Oaks batting - Pitching for Amarillo ThunderHeads : LHP Zach Harris
|
Batting: RHB Dave Villarreal
|
0-0: Ball 1-0: Foul Ball, location: 2F 1-1: Ball 2-1: Ball 3-1: Foul Ball, location: 2F 3-2: Foul Ball, location: 2F 3-2: Foul Ball, location: 2F 3-2: Strikes out swinging
|
Batting: LHB Justin Conley
|
0-0: Swinging Strike 0-1: Foul Ball, location: 2F 0-2: Strikes out swinging
|
Batting: RHB Nathaniel Adderley
|
0-0: Ball 1-0: Called Strike 1-1: Foul Ball, location: 2F 1-2: Strikes out swinging, 2-3 out at first.
|
Top of the 5th over - 0 runs, 0 hits, 0 errors, 0 left on base; Oakland 0 - Amarillo 6 |
BOTTOM OF THE 5TH |
Amarillo ThunderHeads batting - Pitching for Oakland Oaks : LHP Vincent Whittick
|
Batting: RHB Eric Camillo
|
0-0: Ball 1-0: Foul Ball, location: 2F 1-1: Called Strike 1-2: Ball 2-2: Ball 3-2: Ground out 5-3 (Groundball, 56, EV 96.2 MPH)
|
Batting: RHB Josh Shoemaker
|
0-0: Ball 1-0: Ball 2-0: Ball 3-0: Called Strike 3-1: Foul Ball, location: 2F 3-2: Base on Balls
|
Batting: RHB Shi-fu Cuan
|
0-0: Ball 1-0: Foul Ball, location: 2F 1-1: Foul Ball, location: 2F 1-2: Ball 2-2: Ball 3-2: Grounds into double play, 4-6-3 (Groundball, 4, EV 105.0 MPH)
|
Bottom of the 5th over - 0 runs, 0 hits, 0 errors, 0 left on base; Oakland 0 - Amarillo 6 |
TOP OF THE 6TH |
Oakland Oaks batting - Pitching for Amarillo ThunderHeads : LHP Zach Harris
|
Batting: RHB Rafael Alarcon
|
0-0: Foul Ball, location: 2F 0-1: Ball 1-1: Swinging Strike 1-2: Foul Ball, location: 2F 1-2: SINGLE (Line Drive, 8LS, EV 99.4 MPH)
|
Batting: RHB Gabe Secundino
|
0-0: Fly out, F9 (Flyball, 9LM, EV 88.1 MPH)
|
Batting: RHB Ryan Jennings
|
0-0: Ball 1-0: Ball 2-0: SINGLE (Groundball, 6D, EV 99.4 MPH) Rafael Alarcon to second
|
Batting: RHB Chris Prinzing
|
0-0: Called Strike 0-1: Swinging Strike 0-2: Ball 1-2: Ball Wild Pitch! Rafael Alarcon to third Ryan Jennings to second 2-2: Foul Ball, location: 2F 2-2: Strikes out swinging
|
Batting: LHB Bill Helmer
|
0-0: Ball 1-0: Ball 2-0: Ball 3-0: Called Strike 3-1: Called Strike 3-2: Strikes out swinging
|
Top of the 6th over - 0 runs, 2 hits, 0 errors, 2 left on base; Oakland 0 - Amarillo 6 |
BOTTOM OF THE 6TH |
Amarillo ThunderHeads batting - Pitching for Oakland Oaks : LHP Vincent Whittick
|
Batting: RHB Bill Flannery
|
0-0: Called Strike 0-1: Fly out, F9 (Flyball, 89S, EV 78.8 MPH)
|
Batting: RHB Adrian Quilantan
|
0-0: Ball 1-0: Ground out 6-3 (Groundball, 6, EV 85.6 MPH)
|
Batting: RHB Zhong See-to
|
0-0: Called Strike 0-1: Foul Ball, location: 2F 0-2: Ball 1-2: Strikes out swinging
|
Bottom of the 6th over - 0 runs, 0 hits, 0 errors, 0 left on base; Oakland 0 - Amarillo 6 |
TOP OF THE 7TH |
Oakland Oaks batting - Pitching for Amarillo ThunderHeads : LHP Zach Harris
|
Now at SS: Mario Gomez
|
|
Batting: RHB Edwin Nunez
|
0-0: Ball 1-0: Swinging Strike 1-1: Called Strike 1-2: Strikes out swinging
|
Pitching: RHP Antonio Ayala
|
|
Batting: RHB Pete Goerge
|
0-0: Ball 1-0: Called Strike 1-1: Fly out, F8 (Flyball, 89M, EV 97.5 MPH)
|
Batting: LHB Justin Conley
|
0-0: Called Strike 0-1: Ball 1-1: Swinging Strike 1-2: Foul Ball, location: 2F 1-2: Strikes out swinging, 2-3 out at first.
|
Top of the 7th over - 0 runs, 0 hits, 0 errors, 0 left on base; Oakland 0 - Amarillo 6 |
BOTTOM OF THE 7TH |
Amarillo ThunderHeads batting - Pitching for Oakland Oaks : LHP Vincent Whittick
|
Pitching: RHP Ricky Mendoza
|
|
Batting: RHB Sam Voss
|
0-0: Called Strike 0-1: Called Strike 0-2: Ball 1-2: Ball 2-2: Foul Ball, location: 2F 2-2: Foul Ball, location: 2F 2-2: Strikes out swinging
|
Batting: SHB Tyler Romo
|
0-0: Called Strike 0-1: Called Strike 0-2: Ball 1-2: Ball 2-2: Ball 3-2: Hit by Pitch
|
Batting: RHB Eric Juarez
|
0-0: Ball 1-0: Foul Ball, location: 2F 1-1: Ball 2-1: SINGLE (Groundball, 6MD, EV 100.0 MPH) Tyler Romo to second Runner from 2nd tries for 3rd, OUT after rundown.
|
Batting: RHB Eric Camillo
|
0-0: Called Strike 0-1: Ball 1-1: Swinging Strike 1-2: Ball 2-2: SINGLE (Flyball, 89S, EV 93.1 MPH) Eric Juarez to second
|
Batting: RHB Josh Shoemaker
|
0-0: Called Strike 0-1: Ball 1-1: Foul Ball, location: 2F 1-2: Ball 2-2: Ball 3-2: Base on Balls Eric Juarez to third Eric Camillo to second
|
Batting: RHB Mario Gomez
|
0-0: Foul Ball, location: 2F 0-1: Foul Ball, location: 2F 0-2: Ball 1-2: Ball 2-2: SINGLE (Groundball, 6MD, EV 103.1 MPH) Eric Juarez scores Eric Camillo to third Josh Shoemaker to second Runner from 3rd tries for Home, SAFE, throw by CF to home
|
Batting: RHB Bill Flannery
|
0-0: Ball 1-0: Ball 2-0: Called Strike 2-1: Ball 3-1: Fielders Choice at 2nd, 6-4 (Groundball, 6, EV 87.5 MPH)
|
Bottom of the 7th over - 2 runs, 3 hits, 0 errors, 2 left on base; Oakland 0 - Amarillo 8 |
TOP OF THE 8TH |
Oakland Oaks batting - Pitching for Amarillo ThunderHeads : RHP Antonio Ayala
|
Batting: RHB Nathaniel Adderley
|
0-0: Called Strike 0-1: Fly out, F9 (Flyball, 89XD, EV 102.5 MPH)
|
Batting: RHB Rafael Alarcon
|
0-0: Ball 1-0: Ball 2-0: Called Strike 2-1: Foul Ball, location: 2F 2-2: Foul Ball, location: 2F 2-2: Strikes out looking
|
Batting: RHB Gabe Secundino
|
0-0: Ball 1-0: Ball 2-0: Called Strike 2-1: Fly out, F9 (Line Drive, 9S, EV 86.2 MPH)
|
Top of the 8th over - 0 runs, 0 hits, 0 errors, 0 left on base; Oakland 0 - Amarillo 8 |
BOTTOM OF THE 8TH |
Amarillo ThunderHeads batting - Pitching for Oakland Oaks : RHP Ricky Mendoza
|
Batting: RHB Adrian Quilantan
|
0-0: Called Strike 0-1: Foul Ball, location: 2F 0-2: Ball 1-2: Ball 2-2: Fly out, F9 (Line Drive, 9D, EV 100.6 MPH)
|
Batting: RHB Zhong See-to
|
0-0: Swinging Strike 0-1: Ball 1-1: Fly out, F9 (Flyball, 9LM, EV 89.4 MPH)
|
Batting: RHB Sam Voss
|
0-0: Ball 1-0: Foul Ball, location: 2F 1-1: Foul Ball, location: 2F 1-2: Ground out 5-3 (Groundball, 5, EV 101.9 MPH)
|
Bottom of the 8th over - 0 runs, 0 hits, 0 errors, 0 left on base; Oakland 0 - Amarillo 8 |
TOP OF THE 9TH |
Oakland Oaks batting - Pitching for Amarillo ThunderHeads : RHP Antonio Ayala
|
Batting: RHB Ryan Jennings
|
0-0: Ball 1-0: Ball 2-0: Ball 3-0: Called Strike 3-1: Foul Ball, location: 2F 3-2: Strikes out swinging
|
Batting: RHB Chris Prinzing
|
0-0: Ball 1-0: Swinging Strike 1-1: Swinging Strike 1-2: Ball 2-2: Strikes out swinging
|
Pinch Hitting: LHB Brian Puccio
|
0-0: Ball 1-0: Called Strike 1-1: Ground out 4-3 (Groundball, 4, EV 101.2 MPH)
|
Top of the 9th over - 0 runs, 0 hits, 0 errors, 0 left on base; Oakland 0 - Amarillo 8 |
|